 Dungeon Crawl Stone Soup version 0.27-a0-1202-ge72e49191c (webtiles) character file.

Game seed: 14614162650783195844

7234 polve the Spear-Bearer (level 10, 0/114 HPs)
             Began as a Demonspawn Berserker on June 2, 2021.
             Was an Elder of Trog.
             Slain by a cyan ugly thing (16 damage)
             ... on level 10 of the Dungeon.
             The game lasted 00:11:15 (10799 turns).

polve the Spear-Bearer (Demonspawn Berserker)      Turns: 10799, Time: 00:11:16

Health: 0/114      AC: 17    Str: 20    XL:     10   Next: 88%
Magic:  10/10      EV:  7    Int: 10    God:    Trog [****..]
Gold:   610        SH:  0    Dex: 12    Spells: 9/9 levels left

rFire    . . .     SeeInvis +   a - +2 spear (venom)
rCold    + . .     Faith    .   (no shield)
rNeg     . . .     Spirit   .   l - +0 plate armour
rPois    .         Reflect  .   (helmet unavailable)
rElec    .         Harm     .   (no cloak)
rCorr    .         Rampage  .   j - +0 pair of gloves
Will     +....                  m - +0 pair of boots
Stlth    ..........             (no amulet)
HPRegen  0.29/turn              f - ring of willpower
MPRegen  0.12/turn              o - ring of protection from cold

@: berserking, very quick
A: antennae 3, icy blue scales 1, ignite blood 1, powered by death 2
a: Renounce Religion, Berserk, Trog's Hand, Brothers in Arms


You were on level 10 of the Dungeon.
You worshipped Trog.
Trog was greatly pleased with you.
You visited 2 branches of the dungeon, and saw 11 of its levels.

You collected 610 gold pieces.

Inventory:

Hand Weapons
 a - a +2 spear of venom (weapon)
 b - a +3 halberd
Armour
 j - a +0 pair of gloves (worn)
 l - a +0 plate armour (worn)
 m - a +0 pair of boots (worn)
Jewellery
 f - a ring of willpower (left hand)
 o - a ring of protection from cold (right hand)
Wands
 u - a wand of flame (19)
 w - a wand of polymorph (6)
 y - a wand of acid (12)
 z - a wand of paralysis (9)
Scrolls
 c - 7 scrolls of teleportation
 d - a scroll of fear {unknown}
 e - a scroll of immolation {unknown}
 g - 3 scrolls of magic mapping {unknown}
 h - 8 scrolls of identify {unknown}
 q - 2 scrolls of enchant weapon {unknown}
 r - a scroll of fog {unknown}
 x - a scroll of blinking {unknown}
 B - a scroll of enchant armour {unknown}
 C - 2 scrolls of amnesia {unknown}
Potions
 i - a potion of lignification {unknown}
 k - 2 potions of ambrosia {unknown}
 n - 4 potions of curing {unknown}
 p - a potion of cancellation {unknown}
 s - 3 potions of heal wounds {unknown}
 t - a potion of degeneration {unknown}
 v - a potion of might {unknown}
 A - a potion of magic {unknown}


   Skills:
 - Level 6.0 Fighting
 + Level 12.9 Polearms
 - Level 6.0 Armour
 - Level 4.0 Dodging


You had 9 spell levels left.
You didn't know any spells.
Your spell library was empty.

Dungeon Overview and Level Annotations

Branches:
Dungeon (10/15)            Temple (1/1) D:7            Lair (0/6) D:9
    Orc (0/2) D:10

Altars:
Gozag
Hepliaklqana
Qazlal
Trog
Vehumet
Zin

Shops:
D:8 (


Innate Abilities, Weirdness & Mutations

You have a pair of large antennae on your head. (SInv)
You are partially covered in icy blue scales. (AC +2)
Your demonic aura sometimes causes spilled blood to erupt in flames.
You regenerate health from kills.


Message History

The acid dragon spits acid at you. The splash of acid hits you.
You are splashed with acid!
You hit the acid dragon but do no damage.
The acid dragon is almost dead.
Your plate armour prevents you from hitting the acid dragon.
The acid dragon is almost dead.
You kill the acid dragon!
Trog accepts your kill.
Found a stone staircase leading down.
A cyclops comes into view.
A cyclops is nearby!
A cyclops is nearby!
y - a wand of acid (12) (gained 4 charges)
You start resting.
A cyclops is nearby!
You start resting.
A cyan ugly thing comes into view.
The cyan ugly thing gurgles horribly!
You hear a shout!
A red film seems to cover your vision as you go berserk!
You feel yourself moving faster!
You feel mighty! The cyan ugly thing tail-slaps you.
The cyan ugly thing shocks you!
You hit the cyan ugly thing.
The cyan ugly thing is poisoned.
The cyan ugly thing is lightly wounded.
The cyan ugly thing tail-slaps you!
* * * LOW HITPOINT WARNING * * *
The cyan ugly thing shocks you!
* * * LOW HITPOINT WARNING * * *
You hit the cyan ugly thing.
The cyan ugly thing looks as sick as possible!
The cyan ugly thing is lightly wounded.
A yaktaur comes into view.
You completely miss the cyan ugly thing.
The cyan ugly thing is lightly wounded.
You hit the cyan ugly thing.
The cyan ugly thing looks as sick as possible!
The cyan ugly thing is moderately wounded.
The cyan ugly thing tail-slaps you.
* * * LOW HITPOINT WARNING * * *
The cyan ugly thing shocks you!
You die...

{ ###...## . .# ##
#c#. ###...### .
.... . ... ###....##
.. #.... .
..###......# ...
#..#.#.#..#.......##
#..#.#..##.:#...##
#...#...#..######
C.##.#.#/##.##
#..#..#u@#..#
..##...##..# ##
..#...#...#
...##.##.##...#
>......#.#....#
.......#.#....#
...C{...#.....#
...{....#.....#
..............#


You could see a cyan ugly thing (extremely poisoned) and a yaktaur.

Vanquished Creatures
  An ugly thing (D:9)
  Joseph (D:9)
  A komodo dragon (D:7)
  2 trolls
  Grinder (D:6)
  Sigmund (D:2)
  7 yaks
  A shadow (D:5)
  A wyvern (D:7)
  A steam dragon (D:8)
  Menkaure (D:4)
  3 wargs (D:9)
  2 water moccasins (D:8)
  2 acid dragons (D:10)
  2 orc warriors (D:8)
  2 ice beasts (D:7)
  A black bear (D:6)
  An ogre (D:4)
  2 sky beasts
  3 centaurs
  A kobold brigand (D:6)
  Blork the orc (D:5)
  4 bullfrogs
  A wyvern zombie (D:7)
  A scorpion (D:5)
  A water moccasin zombie (D:5)
  9 wights
  3 howler monkeys
  4 hounds
  7 orc priests
  2 jellies (D:7)
  3 gnoll shamans
  2 iguanas
  8 orc wizards
  2 hound zombies (D:5)
  A howler monkey zombie (D:8)
  16 gnolls
  5 adders
  2 shadow imps
  A white imp (D:6)
  An ufetubus (D:4)
  4 dart slugs
  33 orcs
  5 ball pythons
  5 bats
  6 endoplasms
  2 giant cockroaches
  5 goblins
  7 hobgoblins
  8 jackals
  3 quokkas
  A frilled lizard (D:2)
  13 kobolds
  3 rats
206 creatures vanquished.

Vanquished Creatures (others)
  2 orcs (D:8)
2 creatures vanquished.

Grand Total: 208 creatures vanquished

Notes
Turn   | Place    | Note
-------+----------+-------------------------------------------
     0 | D:1      | polve the Demonspawn Berserker began the quest for the Orb.
     0 | D:1      | Reached XP level 1. HP: 18/18 MP: 1/1
    57 | D:1      | Reached skill level 3 in Polearms
   213 | D:1      | Found a faded altar of an unknown god.
   279 | D:1      | Gained mutation: You regenerate a little health from kills.
                  | [demonic ancestry]
   279 | D:1      | Reached XP level 2. HP: 24/24 MP: 2/2
  1209 | D:1      | Found a radiant altar of Vehumet.
  1464 | D:2      | Gained mutation: Your demonic aura sometimes causes spilled
                  | blood to erupt in flames. [demonic ancestry]
  1464 | D:2      | Reached XP level 3. HP: 29/29 MP: 3/3
  1557 | D:2      | Noticed Sigmund
  1564 | D:2      | Killed Sigmund
  1565 | D:2      | Reached skill level 5 in Polearms
  1565 | D:2      | Gained mutation: You are partially covered in icy blue
                  | scales. (AC +2) [demonic ancestry]
  1565 | D:2      | Reached XP level 4. HP: 28/35 MP: 4/4
  1565 | D:2      | Gained mutation: You have a pair of small antennae on your
                  | head. [demonic ancestry]
  1565 | D:2      | Reached XP level 5. HP: 33/41 MP: 5/5
  1699 | D:2      | Reached ** piety under Trog
  1794 | D:2      | Found a stormy altar of Qazlal.
  2547 | D:3      | Reached skill level 6 in Polearms
  2654 | D:3      | Reached XP level 6. HP: 45/47 MP: 6/6
  3031 | D:4      | Noticed Menkaure
  3039 | D:4      | Killed Menkaure
  3217 | D:4      | Reached skill level 7 in Polearms
  3365 | D:4      | Reached XP level 7. HP: 52/52 MP: 7/7
  3473 | D:4      | Reached skill level 8 in Polearms
  3884 | D:5      | Entered Level 5 of the Dungeon
  4016 | D:5      | Reached skill level 5 in Fighting
  4149 | D:5      | Noticed Blork the orc
  4155 | D:5      | Killed Blork the orc
  4155 | D:5      | Reached *** piety under Trog
  4156 | D:5      | Gained mutation: You have a pair of antennae on your head.
                  | [demonic ancestry]
  4156 | D:5      | Reached XP level 8. HP: 63/63 MP: 8/8
  4730 | D:6      | Noticed Grinder
  4743 | D:6      | Killed Grinder
  4959 | D:6      | You fall into a shaft and drop 3 floors!
  5092 | D:8      | Noticed a komodo dragon
  5641 | D:7      | Killed a komodo dragon
  5642 | D:7      | Gained mutation: You have a pair of large antennae on your
                  | head. (SInv) [demonic ancestry]
  5642 | D:7      | Reached XP level 9. HP: 44/69 MP: 9/9
  5646 | D:7      | Reached skill level 5 in Armour
  6167 | D:7      | Found a staircase to the Ecumenical Temple.
  6237 | D:7      | Reached skill level 9 in Polearms
  6992 | D:8      | Noticed a two-headed ogre
  7007 | D:8      | Found Orabuklo's Antique Weapon Shop.
  7214 | D:8      | Reached **** piety under Trog
  7412 | D:8      | Reached skill level 10 in Polearms
  7683 | Temple   | Entered the Ecumenical Temple
  8766 | D:9      | Noticed Joseph
  9048 | D:9      | Killed Joseph
  9049 | D:9      | Gained mutation: You regenerate health from kills. [demonic
                  | ancestry]
  9049 | D:9      | Reached XP level 10. HP: 76/76 MP: 10/10
  9124 | D:9      | Reached skill level 11 in Polearms
  9285 | D:9      | Noticed a purple ugly thing
  9297 | D:9      | Killed a purple ugly thing
  9607 | D:9      | Found a staircase to the Lair.
  9687 | D:9      | Reached skill level 12 in Polearms
  9990 | D:10     | Entered Level 10 of the Dungeon
 10009 | D:10     | Found a staircase to the Orcish Mines.
 10076 | D:9      | HP: 5/114 [yak (12)]
 10414 | D:10     | Noticed a boulder beetle
 10776 | D:10     | Noticed a cyclops
 10791 | D:10     | Noticed a cyan ugly thing
 10799 | D:10     | Slain by a cyan ugly thing

Illustrated notes

Levels and vault maps discovered:
D:1:      sevenhm_arrival_forest_fort_small_6, layout_basic,
          shapermc_ecumenical_altar_flowoftime, chequers_serial_rivers_room_a
D:2:      layout_loops_ring, basic_altar, uniq_sigmund
D:3:      layout_loops_cross
D:4:      layout_gridville, zin_treasury, uniq_menkaure
D:5:      layout_gridville, minivault_26, uniq_blork_the_orc
D:6:      layout_loops_cross, uniq_grinder
D:7:      layout_rooms, minmay_temple_entry_offerings
D:8:      layout_basic, serial_shops, shop, special_room [special_room_orc],
          grunt_ministairs_10, hangedman_decor_slide_cut, nrook_mini_vaults,
          minivault_5
D:9:      layout_basic, erik_lair_orcish_takeover, minmay_misc_feat_rows,
          uniq_joseph
D:10:     minmay_the_grid_four_pointed_star_mashed
          [minmay_the_grid_triangle_9x9_checkered,
          minmay_the_grid_triangle_9x9_tough_junction,
          minmay_the_grid_triangle_9x9_corrupted_corridor,
          minmay_the_grid_triangle_9x9_limited_checkers,
          minmay_the_grid_prize_shrinking_boxes], layout_rooms, serial_shops,
          shop
Temple:   grunt_wide_crystal_templ

Skill      XL: |  1  2  3  4  5  6  7  8  9 10 |
---------------+-------------------------------+-----
Polearms       | 3 5 6 7 8 10 12 | 12.9
Fighting       | 5 6 |  6.0
Armour         | 4 6 |  6.0
Dodging        | 4 |  4.0

Action                   |  1- 3 |  4- 6 |  7- 9 | 10-12 || total
-------------------------+-------+-------+-------+-------++-------
Melee: Spear             |    87 |   112 |   333 |    24 ||   556
       Trident           |       |    50 |    29 |       ||    79
       Halberd           |       |       |    87 |   112 ||   199
Invok: Berserk           |     1 |     4 |    13 |     7 ||    25
       Trog's Hand       |       |       |     1 |       ||     1
  Use: Scroll            |       |       |     1 |       ||     1
 Stab: Sleeping          |       |     3 |       |       ||     3
Armor: Animal skin       |    15 |    10 |       |       ||    25
       Chain mail        |       |    14 |       |       ||    14
       Plate armour      |       |    61 |   177 |    35 ||   273
Dodge: Dodged            |    57 |    61 |    95 |    29 ||   242

Table legend: (Time is in decaauts)
 A = Elapsed time spent in this place.
 B = Non-inter-level travel time spent in this place.
 C = Inter-level travel time spent in this place.
 D = Time resting spent in this place.
 E = Time spent auto-exploring this place.
 F = Levels seen in this place.
 G = Mean time per level.
                   A        B        C        D        E       F      G
               +--------+--------+--------+--------+--------+-----+--------+
         Total |  10836 |  10440 |    396 |    163 |   8786 |  11 |  985.1 |
       Dungeon |  10835 |  10439 |    396 |    163 |   8786 |  10 | 1083.5 |
        Temple |      1 |      1 |      0 |      0 |      0 |   1 |    1.0 |
               +--------+--------+--------+--------+--------+-----+--------+

Top non-repeatable levels by time:
     D:8: 2017 daAuts
     D:9: 1710 daAuts
     D:7: 1328 daAuts
     D:1: 1286 daAuts
     D:4: 920 daAuts
     D:2: 849 daAuts
     D:6: 838 daAuts
     D:3: 833 daAuts
     D:5: 814 daAuts
    D:10: 235 daAuts
  Temple: 1 daAuts
